 Dungeon Crawl Stone Soup version 0.27.0-1-g7a089689b8 (webtiles) character file.

Game seed: 3380926450140649236

2395 ZARRMARR the Cudgeller (level 9, -3/74 HPs)
             Began as a Minotaur Fighter on Aug 14, 2021.
             Slain by an ice beast (11 damage)
             ... on level 5 of the Dungeon.
             The game lasted 00:21:56 (6756 turns).

ZARRMARR the Cudgeller (Minotaur Fighter)           Turns: 6756, Time: 00:21:58

Health: -3/74      AC: 12    Str: 22    XL:     9   Next: 22%
Magic:  8/8        EV:  9    Int:  5    God:
Gold:   151        SH: 10    Dex: 12    Spells: 8/8 levels left

rFire    . . .     SeeInvis .   a - +0 flail
rCold    . . .     Faith    .   c - +0 kite shield
rNeg     . . .     Spirit   .   b - +0 scale mail
rPois    .         Reflect  .   (helmet restricted)
rElec    .         Harm     .   (no cloak)
rCorr    .         Rampage  .   (no gloves)
Will     .....                  (no boots)
Stlth    ..........             (no amulet)
HPRegen  0.22/turn              y - +4 ring of protection
MPRegen  0.11/turn              (no ring)

@: no status effects
A: horns 2, retaliatory headbutt
a: no special abilities


You were on level 5 of the Dungeon.
You visited 1 branch of the dungeon, and saw 6 of its levels.

You collected 151 gold pieces.

Inventory:

Hand Weapons
 a - a +0 flail (weapon)
Missiles
 d - 3 boomerangs
 h - 39 poisoned darts (quivered)
 x - 8 atropa-tipped darts
Armour
 b - a +0 scale mail (worn)
 c - a +0 kite shield (worn)
Jewellery
 y - a +4 ring of protection (left hand)
Wands
 k - a wand of acid (10)
 u - a wand of flame (12)
 w - a wand of iceblast (8)
Scrolls
 e - a scroll of blinking {unknown}
 f - 4 scrolls of identify {unknown}
 g - 2 scrolls of teleportation {unknown}
 j - a scroll of enchant armour {unknown}
 l - a scroll of fog {unknown}
 m - a scroll of vulnerability {unknown}
 o - a scroll of torment {unknown}
 r - a scroll of brand weapon {unknown}
 t - a scroll of holy word {unknown}
Potions
 i - a potion of mutation {unknown}
 n - a potion of curing
 p - a potion of lignification {unknown}
 q - a potion of flight {unknown}
 s - a potion of cancellation {unknown}
 v - a potion of heal wounds {unknown}


   Skills:
 + Level 5.6 Fighting
 + Level 7.9 Maces & Flails
 + Level 6.4 Throwing
 + Level 7.7 Armour
 + Level 3.0 Dodging
 + Level 6.1 Shields


You had 8 spell levels left.
You didn't know any spells.
Your spell library contained the following spells:

 Spells                   Type           Power      Damage    Failure   Level
 Chain Lightning          Conj/Air       0%         N/A       100%        9
 Fire Storm               Conj/Fire      0%         5d1       100%        9


Dungeon Overview and Level Annotations

Branches:
Dungeon (6/15)
 Temple: D:4-7

Altars:
Fedhas
Zin

Shops:
D:1 ?


Innate Abilities, Weirdness & Mutations

You have a pair of horns on your head.
You reflexively headbutt those who attack you in melee.


Message History

You block the black bear's attack.
The black bear claws you but does no damage.
You block the black bear's attack.
The sky beast hits you but does no damage.
You block the ice beast's attack. The black bear bites you.
You block the black bear's attack.
The black bear claws you but does no damage.
You climb upwards.
There is a stone staircase leading down here.
You hit the sky beast. Your headbutt misses the sky beast.
The sky beast is moderately wounded.
You block the black bear's attack.
The black bear claws you but does no damage.
The black bear claws you. You block the sky beast's attack.
The ice beast hits you. The ice beast freezes you!
* * * LOW HITPOINT WARNING * * *
The black bear closely misses you. You block the black bear's attack.
The black bear claws you but does no damage.
You sock the ice beast! Your headbutt misses the ice beast.
The ice beast is moderately wounded.
You kill the black bear!
The sky beast flickers out of sight!
Deactivating autopickup; reactivate with Ctrl-A.
Something hits you but does no damage. The ice beast closely misses you.
You hit the ice beast.
The ice beast is heavily wounded.
Something hits you.
* * * LOW HITPOINT WARNING * * *
Something shocks you.
* * * LOW HITPOINT WARNING * * *
The ice beast misses you. You furiously retaliate!
You headbutt the ice beast, but do no damage.
Something hits you but does no damage.
You hit the ice beast but do no damage.
The ice beast is heavily wounded.
The ice beast hits you but does no damage.
Something hits you but does no damage. The ice beast hits you.
* * * LOW HITPOINT WARNING * * *
The ice beast freezes you!
You die...

##############...............
#............#......##.#.##..
#............########..#..###
#............'....##.#.#.#.##
#............#######.#.#.#.##
#............#....#.##.#.##.#
############.#...##.##.#.##)#
################†#...[...'.'.'...
...............Y@{...##.##.#.##.#
#.################....#.##.#.##.#
#.# #......# #....##.#.#.#.## #.#
#......# #....##.#.#.#.##
#.######......# #....###..#..##.
#......'......# ##....####.#.##..
########......# #.....'.##.......
#.........(.# #.....#.###......
##......#'### #.....#.# #......


You could see an ice beast.

Vanquished Creatures
  Prince Ribbit (D:5)
  Grinder (D:5)
  Eustachio (D:5)
  6 yaks (D:5)
  Menkaure (D:6)
  2 black bears
  A necrophage (D:4)
  A phantom (D:2)
  2 kobold brigands (D:3)
  Blork the orc (D:5)
  A hound (D:5)
  A centaur skeleton (D:5)
  A bullfrog skeleton (D:5)
  2 scorpion zombies (D:5)
  An iguana (D:5)
  An orc wizard (D:3)
  A hound zombie (D:5)
  6 adders
  A white imp (D:5)
  An ufetubus (D:5)
  2 worms
  2 dart slugs (D:1)
  4 orcs
  6 endoplasms
  3 goblins
  3 hobgoblins
  12 jackals
  8 quokkas
  5 ball pythons
  3 bats (D:1)
  2 frilled lizards
  16 kobolds
  3 rats
102 creatures vanquished.

Notes
Turn   | Place    | Note
-------+----------+-------------------------------------------
     0 | D:1      | ZARRMARR the Minotaur Fighter began the quest for the Orb.
     0 | D:1      | Reached XP level 1. HP: 19/19 MP: 0/0
   101 | D:1      | Reached XP level 2. HP: 24/27 MP: 1/1
   199 | D:1      | Found Joif's Magic Scroll Shop.
  1080 | D:2      | Reached XP level 3. HP: 31/33 MP: 2/2
  1151 | D:2      | Reached skill level 1 in Throwing
  1359 | D:2      | Reached skill level 1 in Dodging
  1630 | D:2      | Found a faded altar of an unknown god.
  1786 | D:2      | Noticed a phantom
  1800 | D:2      | Killed a phantom
  1801 | D:2      | Reached XP level 4. HP: 7/40 MP: 3/3
  2393 | D:3      | Reached XP level 5. HP: 46/46 MP: 4/4
  2580 | D:3      | Reached skill level 5 in Armour
  2580 | D:3      | Reached XP level 6. HP: 11/53 MP: 5/5
  3953 | D:4      | Reached XP level 7. HP: 56/60 MP: 6/6
  4392 | D:5      | Entered Level 5 of the Dungeon
  4422 | D:5      | Noticed Grinder
  4432 | D:5      | Killed Grinder
  4433 | D:5      | Reached skill level 5 in Maces & Flails
  4902 | D:5      | Noticed Blork the orc
  4909 | D:5      | Killed Blork the orc
  4915 | D:5      | Reached skill level 5 in Shields
  4990 | D:5      | Noticed Prince Ribbit
  5007 | D:5      | Killed Prince Ribbit
  5008 | D:5      | Reached skill level 5 in Throwing
  5008 | D:5      | Reached XP level 8. HP: 44/67 MP: 7/7
  5248 | D:5      | Reached skill level 5 in Fighting
  5332 | D:5      | HP: 3/69 [bullfrog skeleton (4)]
  5335 | D:5      | Reached XP level 9. HP: 4/74 MP: 8/8
  5708 | D:5      | Found a glowing silver altar of Zin.
  5744 | D:5      | Found a blossoming altar of Fedhas.
  5901 | D:5      | Noticed Eustachio
  5918 | D:5      | Killed Eustachio
  6733 | D:6      | Noticed Menkaure
  6737 | D:6      | Killed Menkaure
  6756 | D:5      | Slain by an ice beast

Illustrated notes

Levels and vault maps discovered:
D:1:      tarquinn_simple_flora_water_d, layout_loops_corners, serial_shops,
          nicolae_shop_crystal
D:2:      layout_loops_ring, shapermc_ecumenical_altar_venn,
          minmay_misc_feat_chi, grunt_decor_clamped, grunt_ministairs_4
D:3:      cheibrodos_thug_alley, layout_loops_ring, st_stairs_6, uniq_ijyb
D:4:      layout_cave_pools, roderic_roman_lattice,
          chequers_serial_rivers_micro_e
D:5:      layout_basic, kennysheep_mini, lemuel_doored_altar,
          palyth_stone_intersect, interstate_on_off, uniq_prince_ribbit1,
          uniq_grinder, uniq_blork_the_orc, uniq_eustachio
D:6:      layout_loops_ring, mainiacjoe_overflow_alcove_2,
          nicolae_ossuary_entry_giza, uniq_menkaure

Skill      XL: |  1  2  3  4  5  6  7  8  9 |
---------------+----------------------------+-----
Shields        | 4 5 6 |  6.1
Armour         | 4 5 6 7 |  7.7
Fighting       | 4 5 |  5.6
Throwing       | 2 3 5 6 |  6.4
Dodging        | 1 2 3 |  3.0
Maces & Flails | 3 4 5 7 |  7.9

Action                   |  1- 3 |  4- 6 |  7- 9 || total
-------------------------+-------+-------+-------++-------
Melee: Flail             |    99 |    86 |   128 ||   313
       Headbutt          |    14 |    15 |    23 ||    52
Throw: Dart              |    51 |    70 |    51 ||   172
       Boomerang         |       |     3 |     6 ||     9
  Use: Potion            |       |     1 |       ||     1
Armor: Scale mail        |    37 |    33 |    55 ||   125
Dodge: Dodged            |    28 |    16 |    50 ||    94
Block: Kite shield       |    56 |    37 |    61 ||   154
